General information
- name: BNet
- type: Ladder 1vs1/FFA
- host: Battle.net
- saver: MR.BONES
map: TwistedMeadows
- players: 2
- length: 68:54
- speed: Fast
- version: 1.26 W3XP
- replay type: Public
» download(144 KB)
Players
team 1 (loser)

»
firewalker23 (
yellow | 10 APM | 689 actions | 68:12)
4 Warden
2 Shadow Strike
2 Fan of Knives
2 Beastmaster
1 Summon Quilbeast
1 Summon Bear
» actions
| Basic commands | 22 | |
| Build / train | 73 | |
| Enter build submenu | 21 | |
| Enter hero's abilities submenu | 6 | |
| Remove unit from queue | 1 | |
| Right click | 191 | |
| Select / deselect | 316 | |
| Use ability | 57 | |
689 total
» units
| Wisp | 25 | |
| Archer | 6 | |
| Huntress | 7 | |
| Goblin Shredder | 1 | |
| Forest Troll Shadow Priest | 2 | |
| Ogre Mauler | 1 | |
| Dryad | 6 | |
| Glaive Thrower | 4 | |
52 total
» upgrades
| Strength of the Moon | 2 | |
| Moon Armor | 2 | |
| Strength of the Wild | 1 | |
| Sentinel | 1 | |
| Reinforced Hides | 2 | |
| Abolish Magic | 1 | |
| Improved Bows | 1 | |
10 total
» buildings
| Altar of Elders | 1 | |
| Moon Well | 6 | |
| Ancient of War | 1 | |
| Hunter's Hall | 1 | |
| Ancient Protector | 6 | |
| Tree of Ages | 1 | |
| Tree of Life | 2 | |
| Ancient of Lore | 1 | |
| Ancient of Wind | 1 | |
20 total
» build order
00:09 Altar of Elders
00:15 Moon Well
00:46 Ancient of War
01:20 Moon Well
02:55 Hunter's Hall
03:14 Moon Well
05:30 Ancient Protector
08:15 Moon Well
08:17 Tree of Ages
09:39 Moon Well
10:10 Tree of Life
10:14 Ancient Protector
11:51 Tree of Life
12:16 Ancient Protector
12:34 Ancient Protector
13:34 Ancient of Lore
16:15 Ancient Protector
17:14 Ancient of Wind
18:25 Ancient Protector
20:50 Moon Well
» items
| Potion of Lesser Invulnerability | 1 | |
1 total
team 2 (winner)
MR.BONES (
teal | 46 APM | 3176 actions | 68:54)
5 Archmage
2 Blizzard
3 Brilliance Aura
5 Blood Mage
3 Flame Strike
1 Banish
1 Siphon Mana
5 Dark Ranger
2 Life Drain
3 Silence
» actions
| Assign group hotkey | 73 | |
| Basic commands | 122 | |
| Build / train | 155 | |
| ESC pressed | 3 | |
| Enter build submenu | 116 | |
| Enter hero's abilities submenu | 15 | |
| Give item / drop item | 25 | |
| Remove unit from queue | 1 | |
| Right click | 917 | |
| Select / deselect | 941 | |
| Select group hotkey | 347 | |
| Use ability | 460 | |
3176 total
» units
| Peasant | 22 | |
| Goblin Shredder | 4 | |
| Goblin Sapper | 17 | |
| Goblin Zeppelin | 2 | |
| Dragonhawk Rider | 7 | |
| Sorceress | 1 | |
| Flying Machine | 4 | |
57 total
» upgrades
| Masonry | 3 | |
| Gunpowder | 3 | |
| Armor | 3 | |
| Sorceress Training | 2 | |
| Magic Sentry | 1 | |
| Animal War Training | 1 | |
| Cloud | 1 | |
| Swords | 3 | |
| Fragmentation Shards | 1 | |
| Barrage | 1 | |
| Storm Hammers | 1 | |
| Flak Cannons | 1 | |
| Plating | 1 | |
22 total
» buildings
| Altar of Kings | 1 | |
| Farm | 173 | |
| Lumber Mill | 1 | |
| Arcane Vault | 2 | |
| Scout Tower | 39 | |
| Arcane Tower | 4 | |
| Town Hall | 7 | |
| Guard Tower | 16 | |
| Keep | 2 | |
| Blacksmith | 1 | |
| Castle | 1 | |
| Gryphon Aviary | 3 | |
| Arcane Sanctum | 1 | |
| Barracks | 1 | |
| Workshop | 3 | |
255 total
» build order
00:05 Altar of Kings
00:24 Farm
00:50 Lumber Mill
01:01 Arcane Vault
01:06 Farm
01:44 Scout Tower
02:03 Farm
02:17 Arcane Tower
03:13 Scout Tower
03:55 Arcane Tower
03:57 Scout Tower
03:58 Scout Tower
03:59 Scout Tower
04:33 Town Hall
04:38 Scout Tower
04:56 Guard Tower
05:10 Arcane Tower
05:11 Scout Tower
05:17 Guard Tower
05:28 Scout Tower
05:38 Guard Tower
05:42 Scout Tower
05:45 Scout Tower
05:46 Scout Tower
06:01 Scout Tower
06:35 Scout Tower
06:40 Scout Tower
06:42 Guard Tower
06:44 Guard Tower
06:47 Scout Tower
06:47 Scout Tower
06:57 Keep
07:10 Guard Tower
07:13 Arcane Vault
07:22 Guard Tower
07:39 Guard Tower
07:41 Scout Tower
07:42 Scout Tower
08:31 Farm
08:40 Guard Tower
08:57 Blacksmith
09:43 Castle
09:46 Gryphon Aviary
09:51 Gryphon Aviary
09:53 Gryphon Aviary
10:34 Arcane Sanctum
10:36 Guard Tower
11:29 Farm
12:39 Scout Tower
12:43 Farm
12:44 Scout Tower
13:11 Barracks
13:55 Guard Tower
14:01 Arcane Tower
14:21 Workshop
15:35 Scout Tower
16:54 Guard Tower
18:34 Scout Tower
18:37 Scout Tower
18:38 Scout Tower
19:21 Guard Tower
23:15 Town Hall
23:26 Scout Tower
23:26 Scout Tower
23:42 Scout Tower
23:43 Scout Tower
26:45 Scout Tower
26:46 Scout Tower
26:47 Scout Tower
26:47 Scout Tower
26:51 Scout Tower
27:18 Guard Tower
27:19 Guard Tower
27:25 Scout Tower
27:25 Scout Tower
27:29 Scout Tower
27:33 Scout Tower
28:07 Town Hall
29:42 Town Hall
31:40 Guard Tower
33:28 Town Hall
39:33 Workshop
39:36 Workshop
46:53 Farm
46:56 Scout Tower
47:03 Scout Tower
47:19 Town Hall
52:41 Town Hall
52:56 Farm
52:57 Farm
53:01 Farm
55:52 Farm
55:53 Farm
55:54 Farm
55:58 Farm
56:01 Farm
56:07 Farm
56:54 Farm
57:15 Farm
57:39 Farm
57:41 Farm
57:43 Farm
57:44 Farm
57:52 Farm
57:59 Farm
58:00 Farm
58:02 Farm
58:03 Farm
58:34 Farm
58:36 Farm
58:38 Farm
58:45 Farm
58:49 Farm
58:54 Farm
59:28 Farm
59:51 Farm
59:55 Farm
60:01 Farm
60:14 Farm
60:17 Farm
60:20 Farm
60:42 Farm
60:57 Farm
61:06 Farm
61:11 Farm
61:14 Farm
61:17 Farm
61:31 Farm
61:32 Farm
61:33 Farm
61:34 Farm
61:46 Farm
61:55 Farm
61:58 Farm
62:02 Farm
62:03 Farm
62:06 Farm
62:13 Farm
62:15 Farm
62:16 Farm
62:22 Farm
62:23 Farm
62:24 Farm
62:26 Farm
62:27 Farm
62:31 Farm
62:33 Farm
62:34 Farm
62:37 Farm
62:41 Farm
62:42 Farm
62:44 Farm
62:45 Farm
62:46 Farm
62:47 Farm
62:49 Farm
62:51 Farm
62:52 Farm
62:55 Farm
62:56 Farm
62:57 Farm
62:59 Farm
63:02 Farm
63:52 Farm
63:53 Farm
63:55 Farm
63:56 Farm
64:03 Farm
64:04 Farm
64:04 Farm
64:07 Farm
64:08 Farm
64:12 Farm
64:13 Farm
64:14 Farm
64:15 Farm
64:17 Farm
64:18 Farm
64:19 Farm
64:21 Farm
64:22 Farm
64:23 Farm
64:25 Farm
64:26 Farm
64:27 Farm
64:28 Farm
64:33 Farm
64:36 Farm
64:37 Farm
64:38 Farm
64:39 Farm
64:41 Farm
64:42 Farm
64:44 Farm
64:47 Farm
64:48 Farm
64:49 Farm
64:50 Farm
64:51 Farm
64:57 Farm
64:58 Farm
65:00 Farm
65:01 Farm
65:02 Farm
65:03 Farm
65:04 Farm
65:05 Farm
65:06 Farm
65:08 Farm
65:10 Farm
65:11 Farm
65:12 Farm
65:25 Farm
65:26 Farm
65:28 Farm
65:32 Farm
65:34 Farm
65:36 Farm
65:47 Farm
66:05 Farm
66:11 Farm
66:13 Farm
66:15 Farm
66:24 Farm
66:25 Farm
66:26 Farm
66:27 Farm
66:28 Farm
66:34 Farm
66:35 Farm
66:36 Farm
66:37 Farm
66:38 Farm
66:40 Farm
66:41 Farm
66:42 Farm
66:43 Farm
66:45 Farm
66:46 Farm
66:47 Farm
66:49 Farm
66:50 Farm
66:51 Farm
66:52 Farm
66:53 Farm
66:56 Farm
67:01 Farm
67:03 Farm
67:04 Farm
67:05 Farm
67:06 Farm
67:13 Farm
67:18 Farm
67:19 Farm
» items
| Lesser Clarity Potion | 6 | |
| Scroll of Regeneration | 11 | |
| Boots of Speed | 2 | |
| Staff of Teleportation | 3 | |
| Potion of Invisibility | 2 | |
| Potion of Lesser Invulnerability | 2 | |
| Potion of Healing | 4 | |
| Scroll of Town Portal | 1 | |
| Staff of Sanctuary | 2 | |
33 total
Chat log
(05:31 / All) firewalker23: really
(11:23 / All) firewalker23: fuck you
(11:46 / All) firewalker23: very stupid & annoying strategy
(14:52 / All) firewalker23: and here come the gyphens
(14:54 / All) firewalker23: fuck yo
(17:57 / All) firewalker23: fuck you
(20:15 / All) firewalker23: i actually despise you
(20:29 / All) firewalker23: such a bullshit strategy
(21:43 / All) firewalker23: fuck you
(21:46 / All) MR.BONES: lol
(21:57 / All) firewalker23: u suck
(22:03 / All) MR.BONES: im not the one losing :)
(22:10 / All) MR.BONES: you lost siege to towers, thats pro
(22:44 / All) MR.BONES: your warden is dying
(23:34 / All) MR.BONES: you lost a massive army to 2 units
(23:37 / All) MR.BONES: how does that make you feel?
(23:51 / All) MR.BONES: like leaving, im sure
(23:54 / All) MR.BONES: but youre too mad to leave
(23:58 / All) firewalker23: well, i'm headed to a woman's house to make love in a snow storm
(24:02 / All) MR.BONES: mm hm
(24:03 / All) MR.BONES: wait
(24:03 / All) firewalker23: so enjoy your virginity
(24:04 / All) MR.BONES: im too busy
(24:06 / All) MR.BONES: believing you
(24:10 / All) firewalker23: ha
(24:21 / All) MR.BONES: youre not the first kid ive seen get mad on the internet
(24:37 / All) MR.BONES: "everyone better than me is a virgin blah blah"
(24:47 / All) MR.BONES: why are you still here?
(24:58 / All) MR.BONES: you were trying to convince me that you get laid
(25:00 / All) MR.BONES: why did you stop
(25:23 / All) MR.BONES: it was so believable too
(27:36 / All) MR.BONES: "make love" lmao
(68:12 / All) MR.BONES: the maze is not complete
(68:20 / All) MR.BONES: dammit
(68:50 / All) MR.BONES: well fuck